 Dungeon Crawl Stone Soup version 0.20-a0-472-g5c05303 (webtiles) character file.

448690 Derfel the Slayer (level 24, -24/151 HPs)
             Began as a Gargoyle Fighter on Jan 15, 2017.
             Was the Champion of Qazlal.
             Killed from afar by a hellephant (65 damage)
             ... with a blast of flame
             ... on level 5 of the Abyss.
             The game lasted 04:19:06 (44111 turns).

Derfel the Slayer (Gargoyle Fighter)               Turns: 44111, Time: 04:19:06

Health: -24/151    AC: 62    Str: 23 (24) XL:     24   Next: 25%
Magic:  15/33      EV: 10    Int:  8 (10) God:    Qazlal [******]
Gold:   3269       SH: 34    Dex: 14      Spells: 23/23 levels left

rFire  . . .     SeeInvis .     Y - +9 eveningstar (venom)
rCold  . . .     Gourm    .     G - +2 crystal plate armour
rNeg   + . .     Faith    .     s - +4 large shield
rPois  ∞         Spirit   .     z - +2 helmet
rElec  +         Reflect  .     J - +2 cloak {+Inv}
rCorr  .         Harm     .     e - +2 pair of gloves
MR     +....                    U - +1 pair of boots
Stlth  ..........               x - amulet of regeneration
                                I - +2 ring of dexterity
                                W - +5 ring of evasion

@: flying, repel missiles
A: big wings, blurry vision 1, deterioration 1, frail 1, low mp 1, negative
energy resistance 1, electricity resistance, weak 2, unbreathing, petrification
resistance, rot immunity, AC +17
}: 2/15 runes: barnacled, gossamer
a: Stop Flying, Upheaval, Elemental Force, Disaster Area, Renounce Religion,
Evoke Invisibility


You were on level 5 of the Abyss.
You worshipped Qazlal.
Qazlal was exalted by your worship.
You were hungry.

You visited 7 branches of the dungeon, and saw 39 of its levels.
You visited the Abyss 2 times.
You also visited: Sewer and Ice Cave.

You collected 5434 gold pieces.
You spent 2165 gold pieces at shops.

Inventory:

Hand Weapons
 C - a +9 antimagic demon whip
 Y - a +9 eveningstar of venom (weapon)
Missiles
 N - 40 javelins (quivered)
 R - 19 throwing nets
Armour
 e - a +2 pair of gloves (worn)
 s - a +4 large shield (worn)
 z - a +2 helmet (worn)
 G - a +2 crystal plate armour (worn)
 J - a +2 cloak of invisibility (worn)
 U - a +1 pair of boots (worn)
Jewellery
 a - an uncursed ring of see invisible
 q - an uncursed ring of protection from cold
 x - an amulet of regeneration (around neck)
 I - a +2 ring of dexterity (right hand)
 W - a +5 ring of evasion (left hand)
 Z - the ring of Soseed {Fire Stlth+}
   (You took it off a merfolk on level 4 of the Shoals)

   [ring of fire]

   It enhances your fire magic.
   It protects you from fire.
   It makes you vulnerable to cold.
   It makes you more stealthy.
Wands
 c - a wand of flame (14/48)
 g - a wand of acid (5/15)
 o - a wand of confusion (22/48)
 D - a wand of lightning (4/15)
 F - a wand of paralysis (14/24)
 K - a wand of iceblast (9/15)
 P - a wand of digging (7/24)
Scrolls
 h - 3 scrolls of magic mapping
 k - 6 scrolls of blinking
 m - 7 scrolls of fog
 r - 3 scrolls of enchant weapon
 u - 6 scrolls of recharging
 v - a scroll of fear
 y - 17 scrolls of identify {@r1}
 A - a scroll of enchant armour
 B - 2 scrolls of summoning
 E - a scroll of amnesia
 M - 14 scrolls of remove curse {@r2}
 T - a scroll of brand weapon
 V - 14 scrolls of teleportation
 X - 2 scrolls of silence
Potions
 b - a potion of resistance
 i - 11 potions of haste
 j - 3 potions of heal wounds {@q2}
 l - 17 potions of curing {@q1}
 n - 3 potions of cancellation
 t - 2 potions of magic
 L - a potion of berserk rage
 Q - 2 potions of agility
 S - 2 potions of invisibility
Comestibles
 f - 21 bread rations
 w - 20 meat rations
 O - 41 fruits


   Skills:
 + Level 21.9 Fighting
 - Level 16.0 Maces & Flails
 + Level 21.7 Armour
 + Level 17.7 Shields
 + Level 20.7 Invocations


You had 23 spell levels left.
You didn't know any spells.

Dungeon Overview and Level Annotations

Branches:
Dungeon (15/15)            Temple (0/1) D:5            Lair (6/6) D:10
 Shoals (4/4) Lair:2       Spider (4/4) Lair:2        Slime (0/5) Lair:6
    Orc (2/2) D:11            Elf (3/3) Orc:2        Vaults (5/5) D:14
  Crypt (0/3) Vaults:3     Depths (0/5) D:15

Altars:
Ashenzari
Dithmenos
Gozag
Kikubaaqudgha
Okawaru
Qazlal
Ru
Yredelemnul
The Shining One

Shops:
D:6 (   D:11 (?   D:12 (*   D:15 !   Orc:2 *=[*   Shoals:1 [   Shoals:4 *
Vaults:1 :   Vaults:2 =[(?

Annotations:
Elf:2 3 runed doors, exclusions: 3 doors and 2 more exclusions


Innate Abilities, Weirdness & Mutations

You are resistant to torment.
Your stone body is resilient. (AC +17)
You are immune to poison.
Your large and strong wings let you fly indefinitely.
You resist negative energy. (rN+)
You are resistant to electric shocks. (rElec)
You can survive without breathing.
You are immune to petrification.
You are immune to rotting.
Scrolls take you a little longer to read.
Your magical capacity is low. (-10% MP)
[Your body sometimes deteriorates upon taking damage.]
[You are frail. (-10% HP)]
[You are very weak. (Str -4)]


Message History

You puncture the tentacled starspawn!
You destroy the tentacled starspawn!
Qazlal accepts your kill.
The starspawn's tentacles wither and die.
You feel the corruption within you wane somewhat.
You feel a little healthier.
You feel robust.
The raiju bursts into living lightning!
The living lightning misses you.
The raiju blinks!
A crimson imp, a white imp and a large abomination come into view.
You are suddenly pulled into a different region of the Abyss!
The dire elephant trumpets! x2; You hear a roar!
You hear a trumpeting! x8
Found a potion of flight.
A hellephant comes into view.
The elephant trumpets!
The hellephant blinks!
You hear a trumpeting!
A black draconian shifter comes into view.
It is wielding a whip.
The hellephant breathes flames at you. The blast of flame hits you!
You die...

..#....≈≈≈ #.
.#...#.#≈ ≈#.
##.#..... ≈≈≈#
........## ≈≈≈≈≈
≈§...≈#§.##.≈≈≈≈
≈§≈...§#§#...≈≈≈
§§≈≈.§.≈...#
§§≈≈≈.§.§.#.#
§§≈≈§§§@.#..#
§q≈≈≈§§§#Y##...
#§Y≈≈§§§.#.. .#.
##YY§≈≈.#.#.# ..
#Y≈§≈≈. .##.. #
#.§§§§. . ... .
§§§§. .. ## #.


You could see a hellephant.

Vanquished Creatures
  Mennas (Vaults:4)
  Sojobo (Vaults:4)
  Frederick (Vaults:4)
  Margery (Vaults:4)
  A bone dragon (Abyss:4)
  Arachne (Spider:3)
  A lich (Abyss:5)
  Jorgrun (Vaults:2)
  The ghost of dialectric the Warrior, an adept MiFi of Qazlal (Vaults:2)
  A tentacled monstrosity (Vaults:4)
  2 deep elf blademasters (Elf:3)
  2 deep elf master archers (Elf:3)
  6 krakens
  5 tentacled starspawn
  Gastronok (D:12)
  A sphinx (Vaults:4)
  An ancient champion (Vaults:3)
  2 tengu reavers (Vaults:4)
  Kirke (Spider:2)
  Ilsuiw (Shoals:4)
  A revenant (Vaults:3)
  Roxanne (Elf:2)
  Donald (Spider:3)
  Aizul (Spider:3)
  10 deep elf sorcerers
  6 emperor scorpions
  19 vault wardens
  Louise (Spider:2)
  3 ghost moths
  14 ironheart preservers
  3 deep elf elementalists (Elf:3)
  9 stone giants
  A war gargoyle (Vaults:2)
  8 very ugly things
  5 entropy weavers
  9 deep elf demonologists
  Azrael (D:13)
  8 deep elf annihilators
  2 dire elephants
  A spark wasp (Spider:3)
  6 deep elf death magi
  An eidolon (Abyss:5)
  4 yaktaur captains
  3 ettins
  2 fire dragons
  4 merfolk javelineers (Shoals:4)
  The ghost of Kurtz the Brawler, a journeyman TrCK of Xom (D:12)
  2 deep elf high priests (Elf:3)
  2 great orbs of eyes (Vaults:4)
  9 merfolk impalers
  A rakshasa (Vaults:2)
  5 ice dragons
  The ghost of Belltower the Blocker, a journeyman GrWn of Okawaru (Orc:2)
  7 hydras
  The ghost of Spectrina the Tainter, a journeyman FoVM of Hepliaklqana (Lair:4)
  Erolcha (D:11)
  4 merfolk avatars
  An alligator snapping turtle (Shoals:3)
  9 centaur warriors
  36 vault guards
  5 death knights
  16 ogre magi
  6 merfolk aquamancers
  57 two-headed ogres
  16 dancing weapons
  7 death yaks (Lair:6)
  A queen ant (shapeshifter) (Vaults:4)
  An orc high priest (Elf:1)
  Urug (Lair:2)
  A queen ant (Lair:4)
  2 thrashing horrors (Abyss:4)
  A vampire mage (Vaults:4)
  25 deep elf knights
  3 sun demons
  2 wretched stars (Abyss:5)
  A fire crab (shapeshifter) (Vaults:1)
  A sixfirhy (Abyss:3)
  3 shadow wraiths
  10 skeletal warriors
  A sea snake (shapeshifter) (Vaults:1)
  3 hell knights (Vaults:4)
  2 flayed ghosts (Vaults:3)
  2 glowing orange brains (Vaults:2)
  An unseen horror (D:15)
  6 deep trolls
  31 starcursed masses (Abyss:5)
  8 sea snakes
  16 deep elf archers
  An obsidian statue (D:12)
  A harpy (shapeshifter) (Vaults:4)
  4 wizards
  10 orc knights
  24 harpies
  14 orb spiders
  6 necromancers
  A stone giant zombie (Vaults:2)
  33 ugly things
  34 wolf spiders
  3 phantasmal warriors
  6 orc sorcerers
  18 ironbrand convokers
  4 oklob plants (Lair:6)
  A salamander (D:15)
  55 deep elf magi
  14 manticores
  A moth of wrath (shapeshifter) (Vaults:3)
  5 moths of wrath
  A guardian serpent (Abyss:5)
  8 cyclopes
  A worldbinder (Abyss:5)
  3 fauns (Shoals:1)
  7 elephants
  A fire giant zombie (Vaults:2)
  10 merfolk sirens
  2 centaur zombies (D:14)
  A rust devil (D:12)
  2 black mambas
  14 spiny frogs
  6 water nymphs
  19 vault sentinels
  A smoke demon (D:12)
  A stone giant skeleton (Vaults:2)
  2 centaur skeletons
  2 ice statues (IceCv)
  4 gargoyles
  40 yaktaurs
  7 efreet
  5 rime drakes
  A rime drake (shapeshifter) (Elf:3)
  8 freezing wraiths
  A kobold demonologist (D:13)
  4 ancient zymes
  12 demonic crawlers
  A hellwing (D:12)
  18 komodo dragons
  2 ice devils (D:13)
  28 jumping spiders
  3 tengu conjurers
  A harpy zombie (D:15)
  47 merfolk
  5 polar bears
  A wind drake (shapeshifter) (Vaults:4)
  10 hornets
  12 slime creatures
  6 trolls
  10 blink frogs
  A wolf spider simulacrum (D:14)
  6 wind drakes
  2 raiju
  10 hippogriffs
  17 dream sheep
  4 snapping turtles (Shoals:4)
  A meliai zombie (D:15)
  82 redbacks
  2 air elementals
  15 water elementals
  3 shadows
  27 tarantellas
  A ynoxinul (Abyss:4)
  10 fire elementals
  A tarantella (shapeshifter) (Vaults:2)
  8 wraiths
  4 wyverns
  5 large abominations
  A hog (Spider:2)
  A neqoxec (Abyss:5)
  Grum (D:8)
  A human (shapeshifter) (Vaults:2)
  19 humans
  9 basilisks
  6 vampire mosquitoes
  23 yaks
  2 chaos spawn
  4 wargs
  A warg (shapeshifter) (D:14)
  15 water moccasins
  4 acid dragons
  19 soldier ants
  2 hell hounds (D:13)
  10 porcupines
  An ice beast (shapeshifter) (Vaults:2)
  3 sky beasts
  2 eyes of draining (shapeshifter)
  20 ice beasts
  54 ogres
  29 orc warriors
  14 wolves
  An eye of draining (D:11)
  18 centaurs
  2 phantoms
  A necrophage (D:15)
  17 crocodiles
  A crocodile (shapeshifter) (Vaults:3)
  6 big kobolds
  14 bullfrogs
  3 earth elementals (Elf:1)
  A small abomination (Abyss:4)
  2 elf skeletons
  2 wyvern skeletons
  2 scorpions
  A howler monkey (shapeshifter) (D:15)
  16 killer bees
  5 wights
  12 howler monkeys
  5 electric eels
  6 crimson imps
  3 human zombies (D:15)
  3 jellies
  25 orc wizards
  20 orc priests
  Crazy Yiuf (D:7)
  5 hounds
  2 iron imps
  5 hell rats (Lair:3)
  2 human skeletons
  Terence (D:2)
  Natasha (thrice) (D:3)
  10 iguanas
  41 worker ants
  3 mummies (D:15)
  2 worker ant zombies
  Robin (D:3)
  16 gnolls
  4 adders
  2 river rats (D:4)
  4 shadow imps
  2 white imps
  An ufetubus (Vaults:2)
  2 adder zombies
  2 oozes
  3 worms
  A dart slug (D:2)
  8 leopard geckos
  88 orcs
  5 ball pythons
  4 giant cockroaches
  9 hobgoblins
  27 jackals
  2 quokkas
  6 bats
  6 frilled lizards
  22 goblins
  29 kobolds
  A leopard gecko zombie (D:8)
  2 quokka skeletons
  13 rats
  A butterfly (Lair:3)
  A lurking horror (Abyss:5)
  6 plants
  4 starspawn tentacles (Abyss:5)
  6 tentacles
1966 creatures vanquished.

Vanquished Creatures (collateral kills)
  An ironheart preserver (Vaults:2)
  A vault guard (Vaults:2)
  A merfolk aquamancer (Shoals:4)
3 creatures vanquished.

Vanquished Creatures (others)
  Asterion (Spider:3)
  The ghost of Kurtz the Bludgeoner, an adept DsCK of Xom (Spider:1)
  An ogre mage (Vaults:4)
  A two-headed ogre (Vaults:4)
  2 small abominations (Elf:3)
  An unseen horror (D:13)
  A large abomination (Abyss:5)
  A jumping spider (Spider:4)
  A human (Spider:2)
  2 ogres (Vaults:4)
  A starcursed mass (Abyss:5)
  4 shadow imps (D:12)
  3 ufetubi (D:12)
  8 fungi
  A lurking horror (Abyss:3)
  18 plants
  23 starspawn tentacles
  40 tentacles
110 creatures vanquished.

Grand Total: 2079 creatures vanquished

Notes
Turn   | Place    | Note
-------+----------+-------------------------------------------
     0 | D:1      | Derfel the Gargoyle Fighter began the quest for the Orb.
     0 | D:1      | Reached XP level 1. HP: 14/14 MP: 1/1
   319 | D:1      | Reached XP level 2. HP: 15/19 MP: 2/2
   644 | D:1      | Reached XP level 3. HP: 21/24 MP: 3/3
  1325 | D:2      | Noticed Terence
  1353 | D:2      | Killed Terence
  1353 | D:2      | Reached XP level 4. HP: 28/29 MP: 4/4
  1589 | D:2      | Found a glowing golden altar of the Shining One.
  1856 | D:2      | Reached XP level 5. HP: 10/34 MP: 5/5
  2393 | D:3      | Noticed Robin
  2415 | D:3      | Killed Robin
  2772 | D:3      | Noticed Natasha
  2794 | D:3      | Killed Natasha
  2794 | D:3      | Reached XP level 6. HP: 40/40 MP: 6/6
  2951 | D:3      | Reached skill level 5 in Fighting
  2976 | D:3      | Noticed Natasha
  2981 | D:3      | Killed Natasha
  2981 | D:3      | Reached skill level 5 in Armour
  3342 | D:3      | Noticed Natasha
  3350 | D:3      | Killed Natasha
  3570 | D:4      | Found an opulent altar of Gozag.
  3768 | D:4      | Reached XP level 7. HP: 34/44 MP: 7/7
  3889 | D:4      | Found a stormy altar of Qazlal.
  3892 | D:4      | Became a worshipper of Qazlal Stormbringer
  4008 | D:4      | Found a glowing drain.
  4133 | Sewer    | Entered a sewer
  4286 | Sewer    | Found a white marble altar of Elyvilon.
  4574 | D:5      | Entered Level 5 of the Dungeon
  4636 | D:5      | Reached skill level 5 in Maces & Flails
  4768 | D:5      | Found a staircase to the Ecumenical Temple.
  4771 | D:5      | Reached XP level 8. HP: 52/52 MP: 8/8
  4849 | D:5      | Reached * piety under Qazlal
  4871 | D:5      | Found an ancient bone altar of Kikubaaqudgha.
  4903 | D:5      | Found an iron altar of Okawaru.
  4904 | D:5      | Found a shadowy altar of Dithmenos.
  4968 | D:5      | Found an iron altar of Okawaru.
  5196 | D:6      | Found Fosek's Weapon Emporium.
  5298 | D:6      | Reached skill level 1 in Invocations
  5494 | D:6      | Found a sacrificial altar of Ru.
  5760 | D:6      | Reached XP level 9. HP: 40/57 MP: 9/11
  5813 | D:6      | Noticed a troll
  6212 | D:7      | Found a glowing golden altar of the Shining One.
  6485 | D:7      | Found a runed door.
  6489 | D:7      | Noticed Crazy Yiuf
  6493 | D:7      | Killed Crazy Yiuf
  6738 | D:7      | Reached ** piety under Qazlal
  6818 | D:8      | Noticed Grum
  7130 | D:8      | Reached *** piety under Qazlal
  7184 | D:8      | Killed Grum
  7184 | D:8      | Reached skill level 5 in Invocations
  7189 | D:8      | Reached XP level 10. HP: 31/65 MP: 13/13
  7757 | D:9      | Found a shattered altar of Ashenzari.
  8397 | D:10     | Entered Level 10 of the Dungeon
  8842 | D:10     | Got a translucent long sword
  8877 | D:10     | Found a staircase to the Lair.
  9207 | D:11     | Noticed a cyclops
  9245 | Lair:1   | Entered Level 1 of the Lair of Beasts
  9281 | Lair:1   | Reached **** piety under Qazlal
  9469 | Lair:1   | Noticed a spiny frog
  9480 | Lair:1   | Noticed an eight-headed hydra
  9481 | Lair:1   | Killed a spiny frog
  9481 | Lair:1   | Reached skill level 10 in Fighting
  9493 | Lair:1   | Reached XP level 11. HP: 42/72 MP: 16/16
  9505 | Lair:1   | Killed an eight-headed hydra
  9505 | Lair:1   | Reached skill level 10 in Armour
 10527 | Lair:2   | Noticed Urug
 10589 | Lair:2   | Reached ***** piety under Qazlal
 10592 | Lair:2   | Reached skill level 10 in Maces & Flails
 10603 | Lair:2   | Killed Urug
 10613 | Lair:2   | Reached XP level 12. HP: 53/80 MP: 18/18
 11098 | Lair:2   | Found a staircase to the Shoals.
 11136 | Lair:2   | Found a hole to the Spider Nest.
 11467 | Lair:3   | Noticed a seven-headed hydra
 11478 | Lair:3   | Killed a seven-headed hydra
 12365 | Lair:4   | Noticed Spectrina's ghost (journeyman FoVM)
 12373 | Lair:4   | Killed Spectrina's ghost
 12376 | Lair:4   | Reached skill level 10 in Invocations
 12409 | Lair:4   | Noticed an entropy weaver
 12416 | Lair:4   | Noticed an entropy weaver
 12417 | Lair:4   | Killed an entropy weaver
 12454 | Lair:4   | Killed an entropy weaver
 12454 | Lair:4   | Reached XP level 13. HP: 40/87 MP: 20/20
 13788 | Lair:5   | Reached ****** piety under Qazlal
 14395 | Lair:6   | Entered Level 6 of the Lair of Beasts
 14438 | Lair:6   | Found a staircase to the Slime Pits.
 14547 | Lair:6   | Noticed a dire elephant
 14620 | Lair:5   | Gained mutation: Your large and strong wings let you fly indefinitely. [Gargoyle growth]
 14620 | Lair:5   | Reached XP level 14. HP: 84/94 MP: 22/22
 14848 | Lair:6   | Killed a dire elephant
 16374 | D:11     | Noticed Erolcha
 16418 | D:11     | Killed Erolcha
 16501 | D:11     | Found a staircase to the Orcish Mines.
 16571 | D:11     | Found Neozoc's Magic Scroll Emporium.
 16579 | D:11     | Bought a scroll of identify for 26 gold pieces
 16579 | D:11     | Bought a scroll of blinking for 97 gold pieces
 16579 | D:11     | Bought a scroll of identify for 26 gold pieces
 16579 | D:11     | Bought a scroll of teleportation for 39 gold pieces
 16687 | D:11     | Found Yzew's Weapon Emporium.
 17141 | D:12     | Noticed Kurtz's ghost (journeyman TrCK)
 17159 | D:12     | Killed Kurtz's ghost
 17188 | D:12     | Found Caikion's General Store.
 17268 | D:12     | Noticed Gastronok
 17282 | D:12     | Killed Gastronok
 17282 | D:12     | Reached XP level 15. HP: 84/101 MP: 24/24
 17704 | D:12     | Found Jongika's Antique Weapon Shoppe.
 17866 | D:13     | Noticed Azrael
 18090 | D:13     | Killed Azrael
 18388 | D:13     | Found a frozen archway.
 18402 | IceCv    | Entered an ice cave
 18442 | IceCv    | Reached skill level 15 in Fighting
 18749 | IceCv    | Got a wavering steel amulet
 18758 | IceCv    | Identified the amulet "Jameudes" {Harm *Drain rElec rF+ rC+ MR-} (You found it in an ice cave)
 19189 | D:14     | Reached skill level 15 in Armour
 19872 | D:14     | Found a gate to the Vaults.
 20152 | D:15     | Entered Level 15 of the Dungeon
 20198 | D:15     | Reached XP level 16. HP: 108/108 MP: 26/26
 20279 | D:15     | Got a twisted leather armour
 20468 | D:15     | Found a basalt altar of Yredelemnul.
 20849 | D:15     | Found Loitsiul's Distillery.
 20857 | D:15     | Bought a potion of heal wounds for 65 gold pieces
 20857 | D:15     | Bought a potion of invisibility for 104 gold pieces
 20857 | D:15     | Bought a potion of berserk rage for 65 gold pieces
 20857 | D:15     | Bought a potion of haste for 130 gold pieces
 21059 | D:15     | Found a staircase to the Depths.
 21335 | Orc:1    | Entered Level 1 of the Orcish Mines
 21558 | Orc:2    | Entered Level 2 of the Orcish Mines
 21566 | Orc:2    | Paralysed by an orc sorcerer for 7 turns
 21884 | Orc:2    | Noticed Belltower's ghost (journeyman GrWn)
 21892 | Orc:2    | Killed Belltower's ghost
 22111 | Orc:2    | Found a staircase to the Elven Halls.
 22350 | Orc:2    | Found Joezet's General Store.
 22350 | Orc:2    | Found Retoapt's Antique Armour Boutique.
 22351 | Orc:2    | Found Wuill's Jewellery Boutique.
 22351 | Orc:2    | Found Waefoptat's General Store.
 22364 | Orc:2    | Bought a scroll of summoning for 95 gold pieces
 22364 | Orc:2    | Bought a scroll of teleportation for 30 gold pieces
 22365 | Orc:2    | Bought a +5 ring of evasion for 880 gold pieces
 22369 | Orc:2    | Bought a glowing cloak for 388 gold pieces
 22750 | Spider:1 | Entered Level 1 of the Spider Nest
 22750 | Spider:1 | Noticed Kurtz's ghost (adept DsCK)
 23262 | Lair:2   | Reached skill level 15 in Invocations
 23682 | Spider:1 | Killed Kurtz's ghost
 23682 | Spider:1 | Reached XP level 17. HP: 111/116 MP: 28/28
 24196 | Spider:2 | Reached skill level 5 in Shields
 24209 | Spider:2 | Reached skill level 15 in Maces & Flails
 24256 | Spider:2 | Noticed Kirke
 24271 | Spider:2 | Killed Kirke
 24788 | Spider:2 | Noticed Louise
 24802 | Spider:2 | Killed Louise
 25720 | Spider:3 | Noticed Donald
 25735 | Spider:3 | Killed Donald
 26209 | Spider:3 | Noticed Arachne
 26225 | Spider:3 | Killed Arachne
 26297 | Spider:4 | Entered Level 4 of the Spider Nest
 26302 | Spider:4 | Noticed Aizul
 26363 | Spider:4 | Noticed Asterion
 26549 | Spider:3 | Killed Asterion
 26664 | Spider:3 | Killed Aizul
 26852 | Spider:4 | Reached XP level 18. HP: 114/124 MP: 5/29
 27536 | Spider:4 | Got a gossamer rune of Zot
 27751 | Shoals:1 | Entered Level 1 of the Shoals
 28186 | Shoals:1 | Found Saumupri's Armour Emporium.
 28860 | Shoals:2 | Reached skill level 10 in Shields
 30324 | Shoals:3 | Reached XP level 19. HP: 81/130 MP: 31/31
 31052 | Shoals:4 | Entered Level 4 of the Shoals
 31055 | Shoals:4 | Noticed Ilsuiw
 31101 | Shoals:4 | Killed Ilsuiw
 31884 | Shoals:4 | Found Ruderum's Assorted Antiques.
 32018 | Shoals:4 | Got a shimmering ivory ring
 32038 | Shoals:4 | Got a barnacled rune of Zot
 32479 | Lair:2   | Identified the ring of Soseed {Fire Stlth+} (You took it off a merfolk on level 4 of the Shoals)
 32663 | Elf:1    | Entered Level 1 of the Elven Halls
 33968 | Elf:2    | Reached XP level 20. HP: 137/137 MP: 32/32
 34024 | Elf:2    | Noticed Roxanne
 34178 | Elf:2    | Killed Roxanne
 34382 | Elf:2    | Found a huge runed gate.
 34384 | Elf:2    | Found a huge runed gate.
 34387 | Elf:2    | Found a huge runed gate.
 34668 | Elf:3    | Entered Level 3 of the Elven Halls
 36139 | Elf:3    | Got an ichor-stained morningstar {protect}
 36215 | Elf:3    | Identified the +7 morningstar "Lareew" {protect, Int+4} (You took it off a deep elf elementalist on level 3 of the Elven Halls)
 36268 | Elf:3    | Got a jewelled morningstar {freeze}
 36271 | Elf:3    | Identified the +3 morningstar of the Endless Expanse {freeze, SInv} (You took it off a deep elf annihilator on level 3 of the Elven Halls)
 36427 | Elf:3    | Identified the Grimoire of Combat Magic
 36429 | Elf:3    | Identified the Tome of Doomed Beguiling
 36434 | Elf:3    | Identified the Compendium of Confrontation
 36440 | Elf:3    | Identified the Handbook of Orientation and Transformation
 36799 | D:12     | Reached XP level 21. HP: 88/144 MP: 34/34
 36912 | Vaults:1 | Entered Level 1 of the Vaults
 36975 | Vaults:1 | Found Itozosh's Book Boutique.
 38722 | Vaults:2 | Noticed dialectric's ghost (adept MiFi)
 38762 | Vaults:2 | Killed dialectric's ghost
 38883 | Vaults:2 | Found Tywiv's Jewellery Boutique.
 38911 | Vaults:2 | Found March's Weapon Shop.
 38942 | Vaults:2 | Found Fialom's Armour Shop.
 38987 | Vaults:2 | Reached skill level 15 in Shields
 39226 | Vaults:2 | Noticed Jorgrun
 39248 | Vaults:2 | Killed Jorgrun
 39248 | Vaults:2 | Reached XP level 22. HP: 149/152 MP: 26/35
 39792 | Vaults:2 | Found Josh's Magic Scroll Shoppe.
 39796 | Vaults:2 | Bought a scroll of blinking for 157 gold pieces
 39796 | Vaults:2 | Bought a scroll of teleportation for 63 gold pieces
 40712 | Vaults:3 | Found a staircase to the Crypt.
 41396 | Vaults:4 | Noticed Mennas
 41439 | Vaults:4 | Killed Mennas
 41517 | Vaults:4 | Noticed Margery
 41531 | Vaults:4 | Killed Margery
 41987 | Vaults:4 | Reached XP level 23. HP: 159/159 MP: 36/36
 41997 | Vaults:4 | Cast into level 3 of the Abyss (a deep elf demonologist)
 42066 | Vaults:4 | Escaped the Abyss
 42691 | Vaults:4 | Noticed Frederick
 42718 | Vaults:4 | Killed Frederick
 42729 | Vaults:4 | Paralysed by an ogre mage for 2 turns
 42780 | Vaults:4 | Paralysed by a great orb of eyes for 3 turns
 43188 | Vaults:4 | Noticed Sojobo
 43213 | Vaults:4 | Killed Sojobo
 43433 | Vaults:5 | Entered Level 5 of the Vaults
 43829 | Vaults:5 | Noticed a golden dragon
 43832 | Vaults:5 | Cast into level 4 of the Abyss (a deep elf sorcerer)
 43897 | Abyss:4  | Found a sparkling altar of Nemelex Xobeh.
 43906 | Abyss:4  | Found a corrupted altar of Lugonu.
 43938 | Abyss:4  | Reached XP level 24. HP: 56/168 MP: 37/37
 43984 | Abyss:5  | Entered Level 5 of the Abyss
 43984 | Abyss:5  | Found a corrupted altar of Lugonu.
 44041 | Abyss:5  | Gained mutation: Scrolls take you a little longer to read. [a neqoxec]
 44048 | Abyss:5  | Gained mutation: Your magical capacity is low. (-10% MP) [a neqoxec]
 44083 | Abyss:5  | Paralysed by accursed screaming for 2 turns
 44090 | Abyss:5  | Gained mutation: [You are weak. (Str -2)] [a neqoxec]
 44091 | Abyss:5  | Paralysed by accursed screaming for 2 turns
 44111 | Abyss:5  | Killed from afar by a hellephant

Vault maps used:
D:1:      lordsloth_arrival_two_stooges, kennysheep_doodads, minmay_misc_feat_x
D:2:      lemuel_crystal_altar, minmay_unequal, uniq_terence
D:3:      uniq_robin, uniq_natasha
D:4:      kennysheep_mini, gup_sewer_entry_bowl, grunt_gozag_breadcrumbs
D:5:      overflow_temple_1_default, gammafunk_temple_overflow_statue,
          first_bread, okawaru_ov_weapons_minmay
D:6:      hangedman_ru_absence, serial_shops, shop
D:7:      basic_altar, uniq_crazy_yiuf_cottage
D:8:      uniq_grum
D:9:      ashenzari_altar_1
D:10:     lair_entry_dummy, grunt_tengu_nest, grunt_ministairs_4
D:11:     orc_david_3, serial_shops, shop, shop, uniq_erolcha
D:12:     serial_shops, nicolae_shop_statue_plus, nicolae_shop_trees,
          hangedman_devilish_allure, uniq_gastronok
D:13:     portal_ice_cave_demonic_guard, uniq_azrael
D:14:     grunt_vaults_entry_tiered, minmay_librarian
D:15:     hangedman_depths_entry_try_elsewhere_first, serial_shops,
          shop_fountains, lemuel_mausoleum_altar_yredelemnul, dk_noncrumbling_4
Lair:1:   beast_lair_carwin_large_4
Lair:2:   minmay_shoals_entry_lonely_mermaid, spider_nest_entry_funnel_web,
          grunt_megastairs_4, infiniplex_staircase_pool_2, uniq_urug
Lair:3:   lemuel_fruit_fields, lemuel_fruit_tree, lemuel_fruit_fields
Lair:4:   zaba_anthell, serial_bayou_shore_a
Lair:6:   gammafunk_lair_ancient_temple, minmay_slime_entry_oklob_open,
          serial_bayou_shore_b, minmay_lair_oklob_chamber
Shoals:1: nicolae_shoals_c_island
Shoals:2: nicolae_shoals_kraken_party
Shoals:3: nicolae_shoals_kraken_intersection
Shoals:4: shoals_end_hangedman, shoal_ilsuiw, serial_shops,
          nicolae_shop_overgrown_old_shop, nicolae_shoals_wave_tunnel
Spider:1: nicolae_spider_shape
Spider:2: uniq_louise, uniq_kirke
Spider:3: uniq_donald, uniq_arachne
Spider:4: grunt_spider_rune_circles, einodemon_crawler_minivault, uniq_asterion,
          uniq_aizul
Orc:2:    st_orc_ogre_mass
Elf:1:    orc_legates, grunt_megastairs_3
Elf:2:    uniq_roxanne
Elf:3:    elf_hall
Vaults:1: vaults_mumra_chevron_long, v_misc_8, v_misc_23,
          hangedman_vaults_capsules, v_rooms_1, nicolae_vaults_network_quincunx,
          grunt_vaults_hallway_long, grunt_vaults_twisty, v_pattern_5,
          serial_ice_g, serial_shops, shop
Vaults:2: v_misc_17, v_pattern_3, nicolae_vaults_three_branches,
          ontoclasm_vaults_loading_screen, ontoclasm_vaults_pinch,
          ontoclasm_vaults_loading_screen,
          nicolae_vaults_windows_and_doors_thing, vaults_room_corners, st_lines,
          stair_cage_open, serial_ice_h, serial_shops, shop, shop,
          nicolae_shop_window_shopping, shop, uniq_jorgrun
Vaults:3: nicolae_vaults_mini_display_case, minmay_crypt_entry_simple_corners,
          vaults_room_semicircle, vaults_dpeg_encased_lava,
          nicolae_vaults_alarming, ontoclasm_vaults_shuriken,
          nicolae_vaults_theta, hangedman_vaults_restitches,
          grunt_vaults_trifunnel, ontoclasm_vaults_decontamination,
          vaults_room_stairs_pillars, nicolae_vaults_network_barrier,
          nicolae_vaults_yaktaur_gun_rack, ontoclasm_vaults_idyll
Vaults:4: nicolae_vaults_little_squares_1, ontoclasm_vaults_ring_square,
          v_rooms_2, nicolae_vaults_theta, nicolae_vaults_inception_corners,
          v_rooms_3, nicolae_vaults_network_star, st_lattice, v_misc_30,
          grunt_vaults_hallway_long, nicolae_vaults_little_squares_1,
          ontoclasm_vaults_chip, uniq_margery, uniq_sojobo, uniq_mennas,
          uniq_frederick
Vaults:5: serial_shops
Abyss:4:  evilmike_abyss_exit_3
Abyss:5:  evilmike_nicolae_abyss_rune_betentacled_crabyss
Sewer:    sewer_kobolds
IceCv:    ice_cave_small_dragons

Skill      XL: |  1  2  3  4  5  6  7  8  9 10 11 12 13 14 15 16 17 18 19 20 21 22 23 |
---------------+----------------------------------------------------------------------+-----
Fighting       | 4 5 6 7 8 10 11 12 13 14 15 16 17 18 19 20 21 | 21.9
Armour         | 4 5 6 7 8 9 11 12 13 14 15 16 17 18 19 20 21 | 21.7
Maces & Flails | 3 4 5 6 7 9 10 11 12 13 14 15 16 | 16.0
Invocations    | 2 5 7 8 10 11 13 14 15 16 17 18 19 20 | 20.7
Shields        | 4 8 11 12 13 15 16 17 | 17.7

Action                   |  1- 3 |  4- 6 |  7- 9 | 10-12 | 13-15 | 16-18 | 19-21 | 22-24 || total
-------------------------+-------+-------+-------+-------+-------+-------+-------+-------++-------
Melee: Flail             |   188 |   263 |   165 |   410 |       |       |       |       ||  1026
       Morningstar       |       |       |   326 |   137 |       |       |       |       ||   463
       Eveningstar       |       |       |       |   174 |  1094 |  1162 |  1181 |  1173 ||  4784
       Dire flail        |       |       |       |       |       |    18 |       |       ||    18
       Demon whip        |       |       |       |       |       |    94 |   367 |       ||   461
       Great mace        |       |       |       |       |       |       |   112 |       ||   112
Throw: Tomahawk          |       |     1 |       |       |       |       |       |       ||     1
       Javelin           |       |       |       |     2 |     3 |    16 |     2 |       ||    23
Invok: Upheaval          |       |       |       |       |     6 |    32 |    26 |     7 ||    71
       Disaster Area     |       |       |       |       |       |     1 |     3 |     2 ||     6
       Elemental Force   |       |       |       |       |       |       |     3 |       ||     3
 Abil: Fly               |       |       |       |       |       |     1 |       |       ||     1
Evoke: Wand              |       |       |       |       |     1 |       |     8 |       ||     9
  Use: Scroll            |       |     5 |     5 |    10 |    21 |     9 |    10 |     4 ||    64
       Potion            |       |       |     5 |     5 |     5 |     4 |     4 |     1 ||    24
  Eat: Chunk             |     2 |     8 |    11 |    17 |    18 |    25 |    22 |    14 ||   117
       Fruit             |       |       |     2 |       |       |     7 |       |       ||     9
       Beef jerky        |       |       |       |       |     1 |     1 |     2 |     1 ||     5
       Pizza             |       |       |       |       |     2 |       |     3 |     1 ||     6
       Meat ration       |       |       |       |       |     1 |       |       |       ||     1
       Royal jelly       |       |       |       |       |       |     1 |       |       ||     1
Armor: Scale mail        |   126 |   155 |   174 |       |       |       |       |       ||   455
       Plate armour      |       |       |   227 |   448 |   711 |  1132 |   289 |       ||  2807
       Crystal plate arm |       |       |       |       |       |       |   229 |   481 ||   710
Dodge: Dodged            |    65 |    70 |   166 |    92 |   182 |   494 |   284 |   194 ||  1547
       Deflected         |       |       |       |     1 |    16 |     9 |    34 |     7 ||    67
Block: Shield            |   112 |   135 |   382 |   537 |  1079 |   733 |       |       ||  2978
       Other             |       |       |       |       |       |     6 |    33 |       ||    39
       Large shield      |       |       |       |       |       |  1346 |  1585 |  1714 ||  4645
